 Dungeon Crawl Stone Soup version 0.29-a0-822-ga620ab95ad (webtiles) character file.

Game seed: 17831675811049682987

154 British0li the Slasher (level 5, 0/41 HPs)
             Began as a Demonspawn Gladiator on July 8, 2022.
             Slain by a bullfrog (7 damage)
             ... in a sewer.
             The game lasted 00:03:28 (2519 turns).

British0li the Slasher (Demonspawn Gladiator)       Turns: 2519, Time: 00:03:30

Health: 0/41       AC:  7    Str: 17    XL:     5   Next: 13%
Magic:  5/5        EV: 12    Int:  9    God:
Gold:   51         SH:  0    Dex: 14    Spells: 4/4 levels left

rFire   . . .      SeeInvis +   a - +0 long sword
rCold   . . .      Faith    .   (no shield)
rNeg    . . .      Spirit   .   b - +0 leather armour
rPois   .          Reflect  .   s - +2 hat
rElec   .          Harm     .   (no cloak)
rCorr   .          Rampage  .   (no gloves)
Will    .....                   (no boots)
Stlth   +.........              (no amulet)
HPRegen 0.13/turn               j - ring of see invisible
MPRegen 0.09/turn               (no ring)

@: no status effects
A: thin metallic scales 1, powered by pain 1, weakness stinger 1
a: no special abilities


You were in a sewer.
You visited 1 branch of the dungeon, and saw 3 of its levels.
You also visited: Sewer.

You collected 51 gold pieces.

Inventory:

Hand Weapons
 a - a +0 long sword (weapon)
Missiles
 d - 3 throwing nets (quivered)
 e - a javelin
Armour
 b - a +0 leather armour (worn)
 c - a +0 helmet
 s - a +2 hat (worn)
Jewellery
 j - a ring of see invisible (left hand)
Scrolls
 f - 2 scrolls of identify {unknown}
 g - a scroll of poison {unknown}
 h - a scroll of enchant armour {unknown}
 k - a scroll of torment {unknown}
 m - a scroll of acquirement {unknown}
 n - a scroll of teleportation {unknown}
 o - a scroll of immolation {unknown}
 p - a scroll of magic mapping {unknown}
Potions
 i - 2 potions of heal wounds {unknown}
 l - a potion of berserk rage {unknown}
 q - a potion of haste {unknown}
 r - a potion of flight {unknown}
 t - a potion of might {unknown}


   Skills:
 + Level 3.0 Fighting
 * Level 3.8 Long Blades
 - Level 2.1 Throwing
 + Level 1.4 Armour
 + Level 3.4 Dodging


You had 4 spell levels left.
You didn't know any spells.
Your spell library contained the following spells:

 Spells                   Type           Power      Damage    Failure   Level
 Petrify                  Tmut/Erth      0%         N/A       99%         4
 Metabolic Englaciation   Hex/Ice        0%         N/A       100%        5
 Statue Form              Tmut/Erth      0%         N/A       100%        6


Dungeon Overview and Level Annotations

Branches:
Dungeon (3/15)              Sewer (1/1)

Altars:


Innate Abilities, Weirdness & Mutations

You are partially covered in thin metallic scales. (AC +2)
You sometimes gain a little power by taking damage.
You have a small tail.


Message History

The bullfrog attacks as you move away! The bullfrog barely misses you.
The bullfrog hits you but does no damage.
The bullfrog completely misses you. The bullfrog hits you.
You miss the bullfrog. The bullfrog hits you. The bullfrog misses you.
The bullfrog hits you but does no damage.
The bullfrog barely misses you.
You slash the bullfrog!
The bullfrog is heavily wounded.
The bullfrog misses you. The bullfrog hits you. The bullfrog misses you.
The bullfrog hits you.
You hit the bullfrog but do no damage.
The bullfrog is heavily wounded.
The bullfrog closely misses you.
The bullfrog hits you but does no damage.
The bullfrog misses you.
You barely miss the bullfrog.
The bullfrog is heavily wounded.
The bullfrog hits you but does no damage. x2
The bullfrog barely misses you. The bullfrog hits you.
You closely miss the bullfrog.
The bullfrog is heavily wounded.
The bullfrog hits you but does no damage.
The bullfrog closely misses you. x2
You hit the bullfrog.
The bullfrog is severely wounded.
The bullfrog hits you. The bullfrog misses you.
The bullfrog barely misses you. x2
You are too injured to fight recklessly!
You are too injured to fight recklessly!
You closely miss the bullfrog.
Your tail-slap misses the bullfrog.
The bullfrog is heavily wounded.
The bullfrog closely misses you. The bullfrog barely misses you. x2
The bullfrog hits you.
You slash the bullfrog!
The bullfrog is almost dead.
The bullfrog hits you!
* * * LOW HITPOINT WARNING * * *
The bullfrog hits you.
* * * LOW HITPOINT WARNING * * *
The bullfrog hits you!
You die...

#†# ≈≈≈≈≈≈≈≈≈.≈≈≈.# #.#
#.# ≈≈≈≈.≈≈≈≈≈≈.≈≈≈.#
#.# #.#
≈≈≈≈≈.≈≈≈≈≈.≈≈≈.# #∩#
#†# ≈≈≈≈.[≈≈≈≈≈≈†≈≈.#
#.# #.#
≈≈≈≈.)$)≈≈≈≈≈≈≈≈.# #∩#
#.# #≈≈≈≈≈?[..≈≈≈≈≈≈≈.#
#.# #.#
#≈≈≈≈≈≈≈≈≈≈≈≈≈≈≈≈.# ###
#.# #≈≈≈≈≈.≈≈≈≈≈≈≈≈≈≈.#
#.# #≈≈≈.≈..@≈≈≈≈≈≈≈.#
#≈# #≈≈∩.≈≈FF≈≈≈≈≈≈≈.#
#.# #≈≈≈≈≈≈≈≈≈≈≈≈≈≈≈.#
#†# #≈≈≈≈≈≈≈≈≈≈≈≈≈≈.#
#.# #≈≈≈≈≈≈≈≈≈≈≈≈≈≈.#
#.# ##≈≈≈≈≈≈≈≈≈.≈≈≈.#
#≈########≈≈≈≈≈≈≈≈.≈≈≈.#
#.≈≈≈.≈≈≈≈≈≈†≈≈≈..≈≈≈≈.#
#≈≈≈≈≈≈≈≈≈≈≈≈≈≈≈≈≈≈≈≈≈.#


You could see 2 bullfrogs.

Vanquished Creatures
  10 adders
  5 endoplasms
  7 giant cockroaches (Sewer)
  2 goblins
  4 hobgoblins (D:1)
  3 jackals (D:1)
  2 kobolds (D:1)
  8 quokkas
  9 ball pythons
  6 bats
  8 frilled lizards
  2 rats
66 creatures vanquished.

Notes
Turn   | Place    | Note
-------+----------+-------------------------------------------
     0 | D:1      | British0li the Demonspawn Gladiator began the quest for the
                  | Orb.
     0 | D:1      | Reached XP level 1. HP: 16/16 MP: 1/1
   283 | D:1      | Found a faded altar of an unknown god.
   396 | D:1      | Gained mutation: You sometimes gain a little power by
                  | taking damage. [demonic ancestry]
   396 | D:1      | Reached XP level 2. HP: 19/22 MP: 2/2
   814 | D:1      | Gained mutation: You are partially covered in thin metallic
                  | scales. (AC +2) [demonic ancestry]
   814 | D:1      | Reached XP level 3. HP: 24/28 MP: 3/3
  1122 | D:2      | You fall into a shaft and drop 1 floor!
  1681 | D:3      | Found a glowing drain.
  1692 | Sewer    | Entered a sewer
  1925 | Sewer    | Reached skill level 1 in Armour
  1925 | Sewer    | Reached XP level 4. HP: 13/34 MP: 4/4
  2402 | Sewer    | Gained mutation: You have a small tail. [demonic ancestry]
  2402 | Sewer    | Reached XP level 5. HP: 40/40 MP: 5/5
  2519 | Sewer    | Slain by a bullfrog

Illustrated notes

Levels and vault maps discovered:
D:1:      psy_arrival_conway, layout_loops_ring, basic_ecumenical_altar
D:2:      layout_basic, uniq_terence
D:3:      layout_basic, portal_sewer_entry_a
Sewer:    sewer_frog_island_01

Skill      XL: |  1  2  3  4  5 |
---------------+----------------+-----
Throwing       | 2 |  2.1
Long Blades    | 3 |  3.8
Dodging        | 3 |  3.4
Armour         | 1 |  1.4
Fighting       | 3 |  3.0

Action                   |  1- 3 |  4- 6 || total
-------------------------+-------+-------++-------
Melee: Long sword        |   106 |   135 ||   241
       Punch             |     1 |     2 ||     3
       Tailslap          |       |     6 ||     6
 Stab: Sleeping          |     1 |       ||     1
Armor: Leather armour    |    50 |    74 ||   124
Dodge: Dodged            |   123 |   127 ||   250

Table legend: (Time is in decaauts)
 A = Elapsed time spent in this place.
 B = Non-inter-level travel time spent in this place.
 C = Inter-level travel time spent in this place.
 D = Time resting spent in this place.
 E = Time spent auto-exploring this place.
 F = Levels seen in this place.
 G = Mean time per level.
                   A        B        C        D        E       F      G
               +--------+--------+--------+--------+--------+-----+--------+
         Total |   2623 |   2569 |     54 |    368 |   1626 |   4 |  655.8 |
       Dungeon |   1719 |   1665 |     54 |      0 |   1409 |   3 |  573.0 |
         Sewer |    903 |    903 |      0 |    368 |    217 |   1 |  903.0 |
               +--------+--------+--------+--------+--------+-----+--------+

Top non-repeatable levels by time:
     D:1: 1082 daAuts
   Sewer: 903 daAuts
     D:3: 578 daAuts
     D:2: 59 daAuts
